 Dungeon Sprint DCSS version 0.17-a0-1655-g88a8506 (webtiles) character file.

12999 Kidiri the Unseen (level 11, -20/42 HPs)
             Began as a Spriggan Enchanter on Aug 15, 2015.
             Was the Champion of Dithmenos.
             Demolished by a snapping turtle (30 damage)
             ... in the Dungeon (Sprint III: "The Ten Rune Challenge").
             The game lasted 00:11:24 (2408 turns).

Kidiri the Unseen (Spriggan Enchanter)              Turns: 2408, Time: 00:11:24

Health: -20/42     AC:  7    Str:  2    XL:     11   Next: 69%
Magic:  22/30      EV: 34    Int: 20    God:    Dithmenos [******]
Gold:   50         SH:  0    Dex: 19    Spells: 8 memorised, 7 levels left

rFire  . . .     SeeInvis +     a - +1 dagger
rCold  . . .     Clarity  +     m - +2 robe {rN+}
rNeg   + . .     SustAt   .     (shield restricted)
rPois  .         Gourm    .     (helmet restricted)
rElec  .         Spirit   .     n - +1 cloak
rCorr  .         Warding  .     (gloves unavailable)
rMut   .         NoTele   +     (boots unavailable)
MR     +....                    (no amulet)
Stlth  ++++++++..               (no ring)
                                (no ring)

@: wreathed by umbra, very quick, somewhat resistant to hostile enchantments,
extraordinarily stealthy
A: unfitting armour, yellow scales 1, see invisible, clarity, clever 1, deformed
body, herbivore 3, speed 3, frail 1, slow metabolism 2, weak 1
a: Shadow Step, Shadow Form, Renounce Religion


You were in the Dungeon.
You worshipped Dithmenos.
Dithmenos was exalted by your worship.
You were full.

You visited 1 branch You collected 50 gold pieces.

Inventory:

Hand weapons
 a - a +1 dagger (weapon)
Armour
 m - a +2 robe of positive energy (worn)
 n - a +1 cloak (worn)
Magical devices
 l - a wand of frost (42)
Scrolls
 j - a scroll of blinking
 o - 2 scrolls of torment
 q - a scroll of remove curse
Potions
 f - 2 potions of heal wounds
 g - a potion of haste
 h - 2 potions of magic
 i - a potion of berserk rage
 r - 4 potions of cure mutation
 s - 3 potions of flight
Books
 k - an Akashic Record

   Spells                             Type                      Level
   a - Dispersal                      Translocation                6
   b - Controlled Blink               Translocation                7
   c - Malign Gateway                 Summoning/Translocation      7
   d - Disjunction                    Translocation                8
Comestibles
 b - 6 fruits
 c - 23 royal jellies


   Skills:
 + Level 10.1 Short Blades
 * Level 17.0 Dodging
 * Level 18.6 Stealth
 * Level 14.7 Spellcasting
 + Level 6.6 Conjurations
 + Level 11.6 Hexes
 + Level 4.4 Summonings
 + Level 10.9 Translocations
 + Level 7.5 Ice Magic
 - Level 3.0 Invocations


You had 7 spell levels left.
You knew the following spells:

 Your Spells              Type           Power        Failure   Level  Hunger
a - Corona                Hex            ######.      1%          1    None
b - Ensorcelled Hibernat  Hex/Ice        ######       1%          2    None
c - Confuse               Hex            ######..     1%          3    None
d - Tukima's Dance        Hex            ######..     1%          3    None
e - Dazzling Spray        Conj/Hex       ######..     1%          3    None
f - Dispersal             Tloc           ######....   10%         6    #####..
g - Controlled Blink      Tloc           N/A          41%         7    ######.
h - Malign Gateway        Summ/Tloc      #####.....   99%         7    ######.


Dungeon Overview and Level Annotations

Branches:
Dungeon (1/1)

Altars:
Cheibriados
Dithmenos
Elyvilon
Fedhas
Gozag
Kikubaaqudgha
Makhleb
Nemelex Xobeh
Okawaru
Qazlal
Ru
Sif Muna
Trog
Vehumet
Xom
Yredelemnul
Zin
The Shining One
Jiyva
Lugonu

Shops:
D ?}(


Innate Abilities, Weirdness & Mutations

You are tiny and cannot use many weapons and most armour.
You have supernaturally acute eyesight.
You are a herbivore.
You cover ground extremely quickly.
You need consume almost no food.
You are partially covered in yellow scales (AC +2).
You possess an exceptional clarity of mind.
Your mind is acute. (Int +2)
Armour fits poorly on your strangely shaped body.
You are frail (-10% HP).
You are weak. (Str -2)


Message History

The spray of energy hits the alligator snapping turtle.
The snapping turtle hisses angrily.
The alligator snapping turtle completely misses you.
The snapping turtle misses you.
Casting: Dazzling Spray
Confirm with . or Enter, or press ? or * to list all spells.
Aiming: Ensorcelled Hibernation
Press: ? - help, Shift-Dir - straight line, f - alligator snapping turtle, p - snapping turtle
Aim: an alligator snapping turtle (water, umbra, chance to defeat MR: 37%)
The alligator snapping turtle easily resists.
Your shadow mimicks your spell!
The alligator snapping turtle resists with almost no effort.
The snapping turtle closely misses you.
The alligator snapping turtle bites you from afar!!
Ouch! That really hurt!
* * * LOW HITPOINT WARNING * * *
You emit a cloud of dark smoke.
The snapping turtle bites you from afar!!
Ouch! That really hurt!
You die...

%§§..##%.....#♣♣♣._)#
#######'#############
▓..........P.▓
▓≈≈........≈≈▓
▓≈≈≈PP..P.≈≈≈▓
▓≈≈≈≈≈..≈≈≈≈≈▓
▓≈≈≈≈≈≈≈≈≈≈≈≈▓
▓≈≈≈≈≈≈≈≈≈≈≈≈▓
▓≈≈≈≈≈≈≈§§@≈≈▓
▓≈≈≈≈≈≈≈≈§§§§▓
▓≈≈≈≈≈≈≈≈§§tt▓
▓≈≈≈≈≈≈≈≈§§§t▓
▓≈≈≈≈≈≈≈≈≈§§§▓
≈≈≈≈≈≈≈t≈≈t§▓
≈.t....≈≈≈▓
.t∩∩φ∩..≈≈▓
▓▓▓▓▓▓▓▓▓▓▓


You could see 3 alligator snapping turtles and a snapping turtle.

Vanquished Creatures
  A kraken (D)
  Maud (D)
  Josephine (D)
  A hydra (D)
  A centaur warrior (D)
  2 unseen horrors (D)
  A spriggan druid (D)
  A death drake (D)
  A lindwurm (D)
  2 spiny frogs (D)
  A komodo dragon (D)
  A deep elf priest (D)
  3 wandering mushrooms (D)
  A queen bee (D)
  A snapping turtle (D)
  A shadow (D)
  2 spriggans (D)
  3 redbacks (D)
  A spatial vortex (D)
  A necrophage (D)
  2 centaurs (D)
  2 brain worms (D)
  An earth elemental (D)
  A water elemental (D)
  32 killer bees (D)
  An electric eel (D)
  A wizard (D)
  A jelly (D)
  Crazy Yiuf (D)
  Jessica (D)
  A necromancer (D)
  3 humans (D)
  A kobold demonologist (D)
  2 oozes (D)
  A rat (D)
78 creatures vanquished.

Vanquished Creatures (others)
  2 draconian scorchers (D)
  A hydra (D)
  A yaktaur (D)
  5 plants (D)
  4 tentacles (D)
  94 tentacle segments (D)
107 creatures vanquished.

Grand Total: 185 creatures vanquished

Notes
Turn   | Place    | Note
--------------------------------------------------------------
     0 | D        | Kidiri the Spriggan Enchanter began the quest for the Orb.
     0 | D        | Reached XP level 1. HP: 9/9 MP: 5/5
    19 | D        | Reached skill level 5 in Stealth
    22 | D        | Reached XP level 2. HP: 8/13 MP: 5/7
    26 | D        | Learned a level 2 spell: Ensorcelled Hibernation
    60 | D        | Killed a yaktaur
   140 | D        | Noticed Jessica
   149 | D        | Killed Jessica
   149 | D        | Reached skill level 5 in Dodging
   149 | D        | Reached skill level 6 in Stealth
   149 | D        | Reached skill level 1 in Ice Magic
   149 | D        | Reached XP level 3. HP: 13/16 MP: 1/9
   161 | D        | Learned a level 3 spell: Confuse
   165 | D        | Learned a level 3 spell: Tukima's Dance
   197 | D        | Killed a white draconian scorcher
   209 | D        | Killed a white draconian scorcher
   439 | D        | Noticed Crazy Yiuf
   446 | D        | Killed Crazy Yiuf
   446 | D        | Reached skill level 7 in Stealth
   446 | D        | Reached skill level 5 in Spellcasting
   446 | D        | Reached skill level 5 in Hexes
   446 | D        | Reached XP level 4. HP: 21/21 MP: 9/12
   461 | D        | Learned a level 3 spell: Dazzling Spray
   480 | D        | Gained mutation: You are partially covered in yellow scales (AC +2). [potion of mutation]
   480 | D        | Gained mutation: You possess an exceptional clarity of mind. [potion of mutation]
   480 | D        | Gained mutation: You are dopey. (Int -2) [potion of mutation]
   481 | D        | Gained mutation: You are weak. (Str -2) [potion of mutation]
   481 | D        | Gained mutation: You are frail (-10% HP). [potion of mutation]
   482 | D        | Lost mutation: You are dopey. (Int -2) [potion of mutation]
   482 | D        | Gained mutation: Armour fits poorly on your strangely shaped body. [potion of mutation]
   483 | D        | Gained mutation: Your mind is acute. (Int +2) [potion of mutation]
   511 | D        | Noticed a water elemental
   514 | D        | Killed a water elemental
   514 | D        | Reached skill level 8 in Stealth
   514 | D        | Reached XP level 5. HP: 21/21 MP: 12/14
   524 | D        | Noticed a jelly
   525 | D        | Noticed a shadow
   527 | D        | Killed a shadow
   527 | D        | Reached skill level 9 in Dodging
   527 | D        | Reached skill level 10 in Stealth
   527 | D        | Reached XP level 6. HP: 25/25 MP: 14/17
   531 | D        | Killed a jelly
   550 | D        | Found a stormy altar of Qazlal.
   551 | D        | Found a sacrificial altar of Ru.
   551 | D        | Found a burning altar of Makhleb.
   551 | D        | Found a viscous altar of Jiyva.
   551 | D        | Found a shimmering altar of Xom.
   551 | D        | Found a shadowy altar of Dithmenos.
   551 | D        | Found a sparkling altar of Nemelex Xobeh.
   551 | D        | Found a corrupted altar of Lugonu.
   551 | D        | Found an opulent altar of Gozag.
   551 | D        | Noticed a spatial vortex
   555 | D        | Became a worshipper of Dithmenos the Shadowed
   570 | D        | Killed a spatial vortex
   570 | D        | Reached skill level 5 in Short Blades
   570 | D        | Reached skill level 11 in Stealth
   570 | D        | Reached skill level 1 in Invocations
   779 | D        | Found a radiant altar of Vehumet.
   780 | D        | Found a deep blue altar of Sif Muna.
   780 | D        | Found an ancient bone altar of Kikubaaqudgha.
   780 | D        | Noticed a wizard
   781 | D        | Killed a wizard
   781 | D        | Reached skill level 10 in Dodging
   796 | D        | Learned a level 6 spell: Dispersal
   805 | D        | Found a glowing silver altar of Zin.
   806 | D        | Found a glowing golden altar of the Shining One.
   806 | D        | Found a white marble altar of Elyvilon.
   806 | D        | Noticed a deep elf priest
   808 | D        | Killed a deep elf priest
   808 | D        | Reached XP level 7. HP: 28/28 MP: 18/20
   823 | D        | Found an iron altar of Okawaru.
   824 | D        | Found a bloodstained altar of Trog.
   824 | D        | Noticed a human
   824 | D        | Noticed a human
   826 | D        | Killed a human
   826 | D        | Reached skill level 12 in Stealth
   831 | D        | Killed a human
   831 | D        | Reached XP level 8. HP: 32/32 MP: 14/22
   852 | D        | Learned a level 7 spell: Controlled Blink
   881 | D        | Found a snail-covered altar of Cheibriados.
   881 | D        | Noticed a necrophage
   882 | D        | Found a basalt altar of Yredelemnul.
   882 | D        | Found a blossoming altar of Fedhas.
   882 | D        | Noticed a necromancer
   883 | D        | Killed a necrophage
   883 | D        | Acquired Dithmenos's first power
   884 | D        | Killed a necromancer
   908 | D        | Noticed Josephine
   910 | D        | Killed Josephine
   910 | D        | Reached skill level 13 in Stealth
   910 | D        | Reached skill level 10 in Spellcasting
   910 | D        | Reached skill level 5 in Translocations
   929 | D        | Noticed an earth elemental
   984 | D        | Killed an earth elemental
  1144 | D        | Noticed a centaur
  1144 | D        | Noticed a centaur warrior
  1144 | D        | Noticed a centaur
  1146 | D        | Killed a centaur
  1146 | D        | Reached skill level 14 in Stealth
  1146 | D        | Reached XP level 9. HP: 35/35 MP: 24/24
  1153 | D        | Killed a centaur
  1165 | D        | Killed a centaur warrior
  1165 | D        | Acquired Dithmenos's second power
  1165 | D        | Reached skill level 5 in Ice Magic
  1246 | D        | Noticed an unseen horror
  1246 | D        | Noticed an unseen horror
  1247 | D        | Killed an unseen horror
  1247 | D        | Reached skill level 15 in Stealth
  1249 | D        | Killed an unseen horror
  1258 | D        | Learned a level 7 spell: Malign Gateway
  1267 | D        | Noticed a killer bee
  1267 | D        | Noticed a killer bee
  1267 | D        | Noticed a killer bee
  1267 | D        | Noticed a killer bee
  1267 | D        | Noticed a killer bee
  1267 | D        | Noticed a killer bee
  1267 | D        | Noticed a killer bee
  1267 | D        | Noticed a killer bee
  1267 | D        | Noticed a queen bee
  1267 | D        | Noticed a killer bee
  1267 | D        | Noticed a killer bee
  1267 | D        | Noticed a killer bee
  1267 | D        | Noticed a killer bee
  1267 | D        | Noticed a killer bee
  1267 | D        | Noticed a killer bee
  1268 | D        | Noticed a killer bee
  1268 | D        | Noticed a killer bee
  1268 | D        | Noticed a killer bee
  1268 | D        | Noticed a killer bee
  1268 | D        | Noticed a killer bee
  1268 | D        | Noticed a killer bee
  1268 | D        | Noticed a killer bee
  1268 | D        | Noticed a killer bee
  1268 | D        | Noticed a killer bee
  1268 | D        | Noticed a killer bee
  1268 | D        | Noticed a killer bee
  1268 | D        | Noticed a killer bee
  1268 | D        | Noticed a killer bee
  1268 | D        | Noticed a killer bee
  1268 | D        | Noticed a killer bee
  1268 | D        | Noticed a killer bee
  1268 | D        | Noticed a killer bee
  1268 | D        | Noticed a killer bee
  1269 | D        | Killed a killer bee
  1269 | D        | Reached skill level 5 in Conjurations
  1273 | D        | Killed a killer bee
  1273 | D        | Acquired Dithmenos's third power
  1273 | D        | Reached XP level 10. HP: 39/39 MP: 21/27
  1275 | D        | Killed a killer bee
  1277 | D        | Killed a killer bee
  1279 | D        | Killed a killer bee
  1281 | D        | Killed a killer bee
  1283 | D        | Killed a killer bee
  1285 | D        | Killed a killer bee
  1285 | D        | Acquired Dithmenos's fourth power
  1287 | D        | Killed a killer bee
  1287 | D        | Reached skill level 1 in Summonings
  1289 | D        | Killed a killer bee
  1291 | D        | Killed a killer bee
  1293 | D        | Killed a killer bee
  1295 | D        | Killed a killer bee
  1429 | D        | Killed a killer bee
  1431 | D        | Killed a killer bee
  1433 | D        | Killed a killer bee
  1435 | D        | Killed a killer bee
  1435 | D        | Reached skill level 16 in Stealth
  1439 | D        | Killed a killer bee
  1439 | D        | Reached skill level 10 in Hexes
  1441 | D        | Killed a killer bee
  1443 | D        | Killed a killer bee
  1445 | D        | Killed a killer bee
  1447 | D        | Killed a killer bee
  1449 | D        | Killed a killer bee
  1453 | D        | Killed a killer bee
  1455 | D        | Killed a killer bee
  1457 | D        | Killed a killer bee
  1459 | D        | Killed a queen bee
  1615 | D        | Killed a killer bee
  1618 | D        | Killed a killer bee
  1627 | D        | Killed a killer bee
  1631 | D        | Killed a killer bee
  1633 | D        | Killed a killer bee
  1643 | D        | Killed a killer bee
  1745 | D        | Noticed a wandering mushroom
  1746 | D        | Noticed a wandering mushroom
  1746 | D        | Noticed a wandering mushroom
  1748 | D        | Killed a wandering mushroom
  1751 | D        | Killed a wandering mushroom
  1754 | D        | Killed a wandering mushroom
  1754 | D        | Reached skill level 15 in Dodging
  1798 | D        | Noticed a spiny frog
  1798 | D        | Noticed a komodo dragon
  1798 | D        | Noticed a spiny frog
  1807 | D        | Killed a spiny frog
  1809 | D        | Killed a spiny frog
  1812 | D        | Killed a komodo dragon
  1812 | D        | Reached skill level 17 in Stealth
  1866 | D        | Noticed a redback
  1869 | D        | Killed a redback
  1871 | D        | Noticed a brain worm
  1874 | D        | Killed a brain worm
  1878 | D        | Noticed a brain worm
  1881 | D        | Killed a brain worm
  1888 | D        | Noticed a lindwurm
  1890 | D        | Noticed a redback
  1891 | D        | Killed a lindwurm
  1893 | D        | Killed a redback
  1893 | D        | Reached XP level 11. HP: 42/42 MP: 29/29
  1898 | D        | Noticed a redback
  1899 | D        | Killed a redback
  1900 | D        | Noticed Maud
  1902 | D        | Killed Maud
  1902 | D        | Reached skill level 10 in Translocations
  1986 | D        | Noticed an electric eel
  1987 | D        | Noticed a seven-headed hydra
  1987 | D        | Noticed an eight-headed hydra
  1991 | D        | Killed an electric eel
  2060 | D        | Killed an eight-headed hydra
  2065 | D        | Killed a seven-headed hydra
  2246 | D        | Noticed a death drake
  2249 | D        | Killed a death drake
  2249 | D        | Reached skill level 18 in Stealth
  2259 | D        | Found a blossoming altar of Fedhas.
  2259 | D        | Noticed a spriggan
  2259 | D        | Noticed a spriggan druid
  2259 | D        | Noticed a spriggan
  2261 | D        | Killed a spriggan druid
  2262 | D        | Killed a spriggan
  2263 | D        | Killed a spriggan
  2286 | D        | Noticed a snapping turtle
  2287 | D        | Noticed a kraken
  2307 | D        | Killed a kraken
  2307 | D        | Reached skill level 10 in Short Blades
  2361 | D        | Killed a snapping turtle
  2401 | D        | Noticed a snapping turtle
  2402 | D        | Noticed an alligator snapping turtle
  2402 | D        | Noticed a snapping turtle
  2402 | D        | Noticed an alligator snapping turtle
  2402 | D        | Noticed an alligator snapping turtle
  2402 | D        | Found Suajed's Antique Weapon Boutique.
  2402 | D        | Found Zeogis's Gadget Shop.
  2402 | D        | Found Baudwuto's Magic Scroll Emporium.
  2408 | D        | Demolished by a snapping turtle

Vault maps used:
D:        dungeon_sprint_mu

Action                   |  1- 3 |  4- 6 |  7- 9 | 10-12 || total
-------------------------+-------+-------+-------+-------++-------
Melee: Dagger            |    40 |    13 |    56 |    86 ||   195
 Cast: Ensorcelled Hiber |     7 |       |     6 |    47 ||    60
       Corona            |     2 |       |     1 |       ||     3
       Dazzling Spray    |       |     6 |    10 |    10 ||    26
       Confuse           |       |       |       |     1 ||     1
Invok: Shadow Step       |       |       |       |     5 ||     5
  Use: Scroll            |       |     5 |       |       ||     5
       Potion            |       |     4 |     1 |     1 ||     6
 Stab: Sleeping          |     4 |     6 |    11 |    50 ||    71
       Invisible         |       |       |     2 |       ||     2
       Confused          |       |       |       |     1 ||     1
  Eat: Bread ration      |       |       |       |     1 ||     1
